 Dungeon Crawl Stone Soup version 0.18.1-6-gd335043 (webtiles) character file.

1935 Goblin1989 the Spear-Bearer (level 8, 0/56 (57) HPs)
             Began as a Demonspawn Gladiator on May 16, 2016.
             Was an Initiate of Gozag.
             Slain by Joseph
             ... wielding a cursed -3 hunting sling
              (8 damage)
             ... on level 7 of the Dungeon.
             The game lasted 00:12:33 (5198 turns).

Goblin1989 the Spear-Bearer (Demonspawn Gladiator)  Turns: 5198, Time: 00:12:34

HP:   0/56 (57)     AC:  8    Str: 23    XL:     8   Next: 97%
MP:   8/8           EV: 13    Int: 10    God:    Gozag
Gold: 158           SH:  0    Dex: 18    Spells: 0 memorised, 7 levels left

rFire  + . .     SeeInvis .     a - +1 trident
rCold  + . .     Gourm    .     k - +0 ring mail
rNeg   . . .     Faith    .     (no shield)
rPois  +         Spirit   .     (helmet restricted)
rElec  +         Dismiss  .     (no cloak)
rCorr  +         Reflect  .     r - +0 pair of gloves
SustAt .         Harm     .     (no boots)
MR     +....                    (no amulet)
Stlth  +.........               m - ring of protection from magic {MR+, !d}
                                l - +5 ring of dexterity

@: mighty, resistant, very slightly contaminated, hasted, very quick, somewhat
resistant to hostile enchantments, very unstealthy
A: antennae 1, slimy green scales 1, powered by death 1, spiny 1
a: Potion Petition, Call Merchant, Bribe Branch, Renounce Religion


You were on level 7 of the Dungeon.
You worshipped Gozag.
Gozag was noncommittal.
You were not hungry.

You visited 2 branches of the dungeon, and saw 8 of its levels.

You collected 634 gold pieces.
You spent 384 gold pieces at shops.
You paid 92 gold pieces to Gozag.

Inventory:

Hand Weapons
 a - a +1 trident (weapon)
Missiles
 d - 3 throwing nets (quivered) {=f, !d}
Armour
 k - a +0 ring mail (worn)
 r - a +0 pair of gloves (worn)
 v - a +0 plate armour
 y - a +0 scale mail
Jewellery
 b - a +5 ring of intelligence
 l - a +5 ring of dexterity (left hand)
 m - a ring of protection from magic (right hand) {MR+, !d}
 n - an uncursed amulet of dismissal {unknown}
 C - an uncursed ring of poison resistance {unknown}
 D - an uncursed ring of wizardry {unknown}
 H - an uncursed ring of poison resistance {unknown}
Wands
 c - a wand of polymorph (0/24)
 E - a wand of lightning (6/15)
 F - a wand of random effects (4/48)
Scrolls
 i - a scroll of magic mapping {!r}
 j - 4 scrolls of fear
 o - a scroll of noise {!r}
 s - 2 scrolls of enchant armour {unknown}
 t - 8 scrolls of remove curse
 u - 2 scrolls of amnesia {unknown}
 A - 4 scrolls of teleportation
 B - 6 scrolls of identify {unknown}
Potions
 e - a potion of lignification {!q}
 g - a potion of invisibility {unknown}
 h - a potion of curing
 x - 2 potions of degeneration {!q}
 G - a potion of brilliance {unknown}
Comestibles
 f - 6 bread rations
 p - a beef jerky
 q - 3 fruits
 w - 2 slices of pizza
 z - a meat ration


   Skills:
 * Level 2.8 Fighting
 + Level 10.4 Polearms
 - Level 1.7 Throwing
 * Level 1.5 Armour
 * Level 3.5 Dodging


You had 7 spell levels left.
You didn't know any spells.

Dungeon Overview and Level Annotations

Branches:
Dungeon (7/15)             Temple (1/1) D:5

Altars:
Cheibriados
Dithmenos
Elyvilon
Fedhas
Gozag
Kikubaaqudgha
Makhleb
Nemelex Xobeh
Qazlal
Ru
Sif Muna
Trog
Xom
Yredelemnul
Zin
The Shining One

Shops:
D:5 =   D:6 *

Annotations:
D:3 st0uf's ghost, amateur DrFi
D:7 Joseph


Innate Abilities, Weirdness & Mutations

You have a pair of small antennae on your head.
You are partially covered in slimy green scales (AC +2).
You regenerate a little health from kills.
You are partially covered in sharp spines.


Message History

You take 1 damage, and have 18/56 hp.
You hit Joseph. Joseph is struck by your spines.
Joseph hits you with a hunting sling! The adder skeleton bites you.
You take 11 damage, and have 7/56 hp.
Drink which item? (? for menu, Esc to quit)
Okay, then. [a] - 0 gold - resistance, invisibility, agility and flight [b] - 0 gold - resistance, might and haste [c] - 0 gold - haste, agility and flight Purchase which effect?
You feel protected.
You feel very mighty all of a sudden.
You feel yourself speed up. The adder skeleton closely misses you.
Joseph hits you but does no damage.
You are very lightly contaminated with residual magic.
Unknown command.
You impale Joseph!!
The adder skeleton bites you but does no damage.
You closely miss Joseph. Joseph hits you with a hunting sling!
You die...
Your body crumbles into a pile of gold.

..####.......#......
#.......#......
#..($...#.##...
##.(.......##.#
####((...........
#..........#.###
#..........#.#
#.(.#....%## #
#@Z..#....#
#@....##...# #
#.?.#..###...
......... ...
..######... ### ##.


You could see Joseph and an adder skeleton.

Vanquished Creatures
  Pikel (D:5)
  Grinder (D:5)
  An orc warrior (D:6)
  A black bear (D:7)
  2 ogres (D:4)
  A necrophage (D:7)
  A giant frog (D:6)
  3 scorpions
  A crimson imp (D:6)
  2 giant frog zombies
  2 centaur zombies
  3 hounds
  2 orc wizards
  3 orc priests
  Terence (D:3)
  3 worker ants (D:4)
  8 adders
  A shadow imp (D:5)
  An adder skeleton (D:6)
  4 worms
  A dart slug (D:2)
  6 giant geckos
  8 orcs
  6 bats
  4 giant cockroaches
  5 goblins
  3 hobgoblins
  12 jackals
  11 kobolds
  2 quokkas (D:5)
  6 giant newts
  3 rats
109 creatures vanquished.

Vanquished Creatures (others)
  A crimson imp (D:5)
1 creature vanquished.

Grand Total: 110 creatures vanquished

Notes
Turn   | Place    | Note
--------------------------------------------------------------
     0 | D:1      | Goblin1989 the Demonspawn Gladiator began the quest for the Orb.
     0 | D:1      | Reached XP level 1. HP: 16/16 MP: 1/1
   264 | D:1      | Reached skill level 3 in Polearms
   667 | D:2      | Gained mutation: You are partially covered in sharp spines. [demonic ancestry]
   667 | D:2      | Reached XP level 2. HP: 22/22 MP: 2/2
  1204 | D:2      | Gained mutation: You regenerate a little health from kills. [demonic ancestry]
  1204 | D:2      | Reached XP level 3. HP: 27/27 MP: 3/3
  1219 | D:2      | Reached skill level 4 in Polearms
  1520 | D:2      | Gained mutation: You are partially covered in slimy green scales (AC +2). [demonic ancestry]
  1520 | D:2      | Reached XP level 4. HP: 33/33 MP: 4/4
  1671 | D:3      | Found a faded altar to an unknown god.
  1692 | D:3      | Noticed st0uf's ghost (amateur DrFi)
  1810 | D:3      | Reached skill level 5 in Polearms
  1985 | D:3      | Reached XP level 5. HP: 38/38 MP: 5/5
  2269 | D:3      | Noticed Terence
  2281 | D:3      | Killed Terence
  2561 | D:4      | Noticed an ogre
  2569 | D:4      | Killed an ogre
  2569 | D:4      | Reached skill level 6 in Polearms
  2569 | D:4      | Reached XP level 6. HP: 44/44 MP: 6/6
  2745 | D:4      | Reached skill level 7 in Polearms
  3323 | D:5      | Entered Level 5 of the Dungeon
  3326 | D:5      | Found a shimmering altar of Xom.
  3370 | D:5      | Noticed Grinder
  3507 | D:5      | Gained mutation: You have a pair of small antennae on your head. [demonic ancestry]
  3507 | D:5      | Reached XP level 7. HP: 50/50 MP: 7/7
  3651 | D:5      | Paralysed by Grinder for 4 turns
  3670 | D:5      | Killed Grinder
  3670 | D:5      | Reached skill level 8 in Polearms
  3784 | D:5      | Found a staircase to the Ecumenical Temple.
  3789 | Temple   | Entered the Ecumenical Temple
  3798 | Temple   | Became a worshipper of Gozag Ym Sagoz the Greedy
  3844 | D:5      | Found Tikuk's Jewellery Boutique.
  3858 | D:5      | Noticed Pikel
  3893 | D:5      | Killed Pikel
  3893 | D:5      | Reached skill level 9 in Polearms
  3893 | D:5      | Reached XP level 8. HP: 50/56 MP: 8/8
  4576 | D:6      | Reached skill level 10 in Polearms
  4805 | D:6      | Found Githafoi's Assorted Antiques.
  4818 | D:6      | Bought an iron ring for 160 gold pieces
  4818 | D:6      | Bought a crooked silver wand for 128 gold pieces
  4818 | D:6      | Bought a scroll of teleportation for 96 gold pieces
  5058 | D:7      | Reached skill level 1 in Armour
  5185 | D:7      | Noticed Joseph
  5198 | D:7      | Slain by Joseph

Skill      XL: |  1  2  3  4  5  6  7  8 |
---------------+-------------------------+-----
Polearms       | 3 4 5 6 7 9 10 | 10.4
Dodging        | 3 |  3.5
Armour         | 1 |  1.5
Fighting       | |  2.8
Throwing       | |  1.7

Action                   |  1- 3 |  4- 6 |  7- 9 || total
-------------------------+-------+-------+-------++-------
Melee: Trident           |   120 |   101 |   161 ||   382
       Unarmed           |       |       |     5 ||     5
Throw: Throwing net      |       |     1 |       ||     1
Invok: Potion Petition   |       |       |     1 ||     1
  Use: Scroll            |     4 |     4 |       ||     8
       Potion            |       |       |     6 ||     6
 Stab: Sleeping          |       |     1 |       ||     1
       Distracted        |       |       |     1 ||     1
  Eat: Chunk             |     2 |    18 |       ||    20
       Meat ration       |       |       |     1 ||     1
Armor: Ring mail         |    21 |    18 |    26 ||    65
       Leather armour    |     4 |       |       ||     4
       Skin              |       |       |    31 ||    31
Dodge: Dodged            |    48 |    38 |    42 ||   128
